 Dungeon Crawl Stone Soup version 0.25-a0-663-gace7076f2c (webtiles) character file.

Game seed: 13794659973921013055, levelgen mode: deterministic

1839 Aggronaut the Grappler (level 8, -1/59 HPs)
             Began as a Red Draconian Transmuter on Mar 25, 2020.
             Was a Priest of Wu Jian.
             Slain by a killer bee (4 damage)
             ... on level 7 of the Dungeon.
             The game lasted 00:24:15 (8691 turns).

Aggronaut the Grappler (Red Draconian Transmuter)   Turns: 8691, Time: 00:24:15

Health: -1/59      AC:  6    Str: 14    XL:     8   Next: 87%
Magic:  11/11      EV: 12    Int: 14    God:    Wu Jian [***...]
Gold:   302        SH:  5    Dex: 12    Spells: 3/11 levels left

rFire    + . .     SeeInvis .     - Unarmed
rCold    . . .     Gourm    .   (no shield)
rNeg     . . .     Faith    .   (armour unavailable)
rPois    +         Spirit   .   (helmet restricted)
rElec    .         Reflect  +   (no cloak)
rCorr    .         Harm     .   (no gloves)
MR       .....                  (no boots)
Stlth    +.........             o - +5 amulet of reflection
HPRegen  0.19/turn              j - ring of poison resistance
MPRegen  0.12/turn              (no ring)

@: lethally poisoned (-1 -> -7), exhausted
A: breathe fire, unfitting armour, fire resistance 1, cold-blooded, AC +6
a: Breathe Fire, Wall Jump, Serpent's Lash, Renounce Religion


You were on level 7 of the Dungeon.
You worshipped Wu Jian.
Wu Jian was most pleased with you.
You were not hungry.

You visited 1 branch of the dungeon, and saw 7 of its levels.

You collected 302 gold pieces.

Inventory:

Missiles
 a - 139 arrows
 e - 14 javelins (quivered)
 g - 86 poisoned darts
 t - 5 atropa-tipped darts
Armour
 B - a scarf of resistance
Jewellery
 j - a ring of poison resistance (left hand)
 o - a +5 amulet of reflection (around neck)
 p - an uncursed ring of wizardry {unknown}
 z - a +2 ring of evasion {unknown}
 A - a +5 ring of intelligence {unknown}
Wands
 u - a wand of paralysis (9)
 y - a wand of polymorph (12)
 E - a wand of random effects (14)
Scrolls
 d - 2 scrolls of enchant weapon {unknown}
 i - 3 scrolls of teleportation {unknown}
 n - 3 scrolls of remove curse
 q - a scroll of random uselessness {unknown}
 r - a scroll of fog {unknown}
 v - 2 scrolls of enchant armour {unknown}
 x - 3 scrolls of blinking {unknown}
 C - a scroll of fear {unknown}
Potions
 b - 2 potions of brilliance
 f - 2 potions of curing
 h - 2 potions of heal wounds
 k - 2 potions of berserk rage
 l - 2 potions of mutation
 m - a potion of ambrosia
 s - 3 potions of haste
 w - a potion of flight
 D - a potion of lignification {unknown}
 F - a potion of invisibility {unknown}
Comestibles
 c - 11 rations


   Skills:
 - Level 1.1 Fighting
 - Level 1.7 Dodging
 * Level 8.7 Unarmed Combat
 - Level 2.0 Spellcasting
 * Level 8.4 Transmutations


You had 3 spell levels left.
You knew the following spells:

 Your Spells              Type           Power        Failure   Level  Hunger
a - Beastly Appendage     Tmut           ####..       1%          1    ##.....
b - Sticks to Snakes      Tmut           ####....     1%          2    ###....
c - Blade Hands           Tmut           ####......   21%         5    ######.

Your spell library contained the following spells:

 Spells                   Type           Power        Failure   Level  Hunger
 Spider Form              Tmut/Pois      ##........   13%         3    ####...
 Ice Form                 Ice/Tmut       ##......     38%         4    #####..


Dungeon Overview and Level Annotations

Branches:
Dungeon (7/15)             Temple (0/1) D:5

Altars:
Ashenzari
Elyvilon
Kikubaaqudgha
Makhleb
Nemelex Xobeh
Uskayaw
Vehumet
Wu Jian
The Shining One

Shops:
D:6 ::

Annotations:
D:4 exclusion: statue


Innate Abilities, Weirdness & Mutations

You can breathe blasts of fire.
Your fiery red scales are hard. (AC +6)
You cannot fit into any form of body armour.
Your flesh is heat resistant. (rF+)
You are cold-blooded and may be slowed by cold attacks.


Message History

Press: ? - help, Dir - move target cursor, p - killer bee You repeatedly attack the killer bee from above.
You hit the killer bee.
The killer bee is heavily wounded.
You miss the killer bee.
Your tail-slap misses the killer bee.
The killer bee is heavily wounded.
You feel sick.
The killer bee stings you but does no damage.
The killer bee stings you.
* * * LOW HITPOINT WARNING * * *
You are more poisoned.
The killer bee poisons you! The killer bee barely misses you.
You block the killer bee's attack.
You feel sick. You block the killer bee's attack.
You feel sick. The killer bee stings you.
* * * LOW HITPOINT WARNING * * *
You have got your breath back.
* * * LOW HITPOINT WARNING * * *
You feel sick. The killer bee stings you.
You die...

#..#######
#.....#
......###.#
....## #.#
#...# #.#
##.# #.##
#. #.#[## #
#.###.##
###.# ##@##
..# ##y#
###.# ##.##
..###y..#
#.#y##.#
#.## .# #†#
.# #.# .#
#Z# ..


You could see a killer bee.

Vanquished Creatures
  Edmund (D:4)
  An orc warrior (D:6)
  An ice beast (D:6)
  2 phantoms (D:4)
  2 ogres (D:5)
  The ghost of ReteAZ the Slasher, an amateur BaGl (D:3)
  A bullfrog (D:7)
  A big kobold (D:6)
  2 scorpions
  3 killer bees (D:7)
  A howler monkey (D:5)
  2 crimson imps
  A bullfrog zombie (D:7)
  A jelly (D:7)
  A hound (D:2)
  2 orc priests
  3 orc wizards
  2 iguanas (D:6)
  3 worker ants
  A hound skeleton (D:4)
  A worker ant zombie (D:2)
  4 gnolls (D:2)
  9 adders
  2 shadow imps
  An ooze (D:1)
  An adder skeleton (D:4)
  3 worms
  A dart slug (D:3)
  4 leopard geckos
  8 orcs
  3 ball pythons (D:2)
  A bat zombie (D:4)
  3 giant cockroaches
  14 goblins
  9 hobgoblins
  12 jackals
  25 kobolds
  5 quokkas
  A ball python zombie (D:6)
  9 bats
  A frilled lizard (D:2)
  A jackal skeleton (D:4)
  A quokka skeleton (D:5)
  9 rats
160 creatures vanquished.

Vanquished Creatures (others)
  A plant (D:6)
1 creature vanquished.

Grand Total: 161 creatures vanquished

Notes
Turn   | Place    | Note
-------+----------+-------------------------------------------
     0 | D:1      | Aggronaut the Draconian Transmuter began the quest for the
                  | Orb.
     0 | D:1      | Reached XP level 1. HP: 16/16 MP: 3/3
   216 | D:1      | Reached XP level 2. HP: 21/23 MP: 5/5
   877 | D:2      | Found an ornate altar of the Wu Jian Council.
   906 | D:2      | Reached XP level 3. HP: 28/28 MP: 6/6
   919 | D:2      | Became a worshipper of the Wu Jian Council
  1690 | D:2      | Found a burning altar of Makhleb.
  1715 | D:2      | Reached XP level 4. HP: 13/35 MP: 7/7
  2436 | D:2      | Reached * piety under Wu Jian
  2448 | D:2      | Reached XP level 5. HP: 14/40 MP: 8/8
  2987 | D:2      | Found a white marble altar of Elyvilon.
  3166 | D:3      | Found a large runed translucent door.
  3166 | D:3      | Found a large runed translucent door.
  3171 | D:3      | Noticed ReteAZ's ghost (amateur BaGl)
  3556 | D:3      | Reached skill level 5 in Unarmed Combat
  4247 | D:3      | Killed ReteAZ's ghost
  4247 | D:3      | Reached XP level 6. HP: 30/47 MP: 9/9
  4573 | D:4      | Reached ** piety under Wu Jian
  4591 | D:4      | Found a sparkling altar of Nemelex Xobeh.
  4648 | D:4      | Reached skill level 5 in Transmutations
  5137 | D:4      | Found a radiant altar of Vehumet.
  5187 | D:4      | Your scales start taking on a fiery red colour.
  5187 | D:4      | Reached XP level 7. HP: 46/52 MP: 10/10
  5187 | D:4      | Gained mutation: Your flesh is heat resistant. (rF+) [Red
                  | Draconian growth]
  5259 | D:4      | Learned a level 2 spell: Sticks to Snakes
  5265 | D:4      | Learned a level 5 spell: Blade Hands
  5487 | D:4      | Found an ancient bone altar of Kikubaaqudgha.
  5639 | D:4      | Noticed Edmund
  5672 | D:4      | Killed Edmund
  5854 | D:5      | Entered Level 5 of the Dungeon
  6250 | D:5      | Found a staircase to the Ecumenical Temple.
  7142 | D:5      | Reached XP level 8. HP: 41/59 MP: 11/11
  7377 | D:6      | Found a hide-covered altar of Uskayaw.
  7418 | D:6      | Found Iriminn's Book Emporium.
  7462 | D:6      | Found a shattered altar of Ashenzari.
  7502 | D:6      | Found a glowing golden altar of the Shining One.
  7514 | D:6      | Found Beujock's Book Shoppe.
  8350 | D:6      | Reached *** piety under Wu Jian
  8691 | D:7      | Slain by a killer bee

Levels and vault maps discovered:
D:1:      eino_arrival_water_cross, layout_basic, minmay_3d_cube
D:2:      layout_loops_corners, lemuel_coloured_pillars_altar,
          makhleb_heckhound_becter, lemuel_crystal_altar,
          chequers_serial_rivers_small_b, chequers_hall_statues_wall_a,
          minivault_23, corner_web_ring
D:3:      layout_basic, ebering_ghost_disaster_area
D:4:      layout_basic, nemelex_xobeh_ov_fountains_minmay, vehumet_statue,
          lemuel_zombie_altar_kikubaaqudgha, uniq_edmund
D:5:      minmay_thick_lines, layout_basic, minmay_temple_entry_waves,
          first_ration, chequers_serial_rivers_micro_c
D:6:      kennysheep_kobold_camp, layout_basic, lemuel_round_altar,
          ashenzari_conservatory_becter, eat_drink_and_be_merry_uskayaw,
          serial_shops, nicolae_shop_stone, shop,
          hangedman_abyss_or_decor_stagger
D:7:      layout_loops_ring, kennysheep_mini_moat, basic_altar

Skill      XL: |  1  2  3  4  5  6  7  8 |
---------------+-------------------------+-----
Transmutations | 3 4 5 6 8 |  8.4
Unarmed Combat | 4 5 6 7 8 |  8.7
Fighting       | |  1.1
Dodging        | |  1.7
Spellcasting   | |  2.0

Action                   |  1- 3 |  4- 6 |  7- 9 || total
-------------------------+-------+-------+-------++-------
Melee: Unarmed           |   150 |   284 |   386 ||   820
       Tailslap          |    12 |    36 |    43 ||    91
       Headbutt          |     2 |       |       ||     2
       Punch             |       |     4 |    11 ||    15
       Kick              |       |       |    13 ||    13
Throw: Javelin           |     2 |    11 |       ||    13
 Cast: Beastly Appendage |     1 |       |     2 ||     3
Invok: Lunge             |     7 |    28 |    18 ||    53
       Whirlwind         |       |    25 |    36 ||    61
       Serpent's Lash    |       |       |     1 ||     1
 Abil: Breathe Fire      |       |       |     5 ||     5
       Wall Jump         |       |       |     2 ||     2
Evoke: Wand              |       |       |     1 ||     1
  Use: Scroll            |       |     3 |     7 ||    10
       Potion            |       |     3 |     2 ||     5
 Stab: Sleeping          |       |     2 |       ||     2
       Distracted        |       |       |     1 ||     1
       Paralysed         |       |       |     7 ||     7
  Eat: Chunk             |     3 |     6 |    11 ||    20
       Ration            |       |     1 |     1 ||     2
Armor: Skin              |    43 |    55 |    64 ||   162
Dodge: Dodged            |    95 |   106 |   143 ||   344
Block: Other             |       |    38 |    62 ||   100
       Reflection        |       |     1 |     2 ||     3

Table legend:
 A = Non-vault XP
 B = Vault XP
 C = Vault XP percentage of total XP
 D = Non-vault monster count
 E = Vault monster count
 F = Vault count percentage of total count
                 A         B        C        D         E       F
            +---------+---------+-------+---------+---------+-------
      Total |    2138 |     490 |  18.6 |     130 |      30 |  18.8
            +---------+---------+-------+---------+---------+-------
        D:1 |      33 |       4 |  10.8 |      17 |       2 |  10.5
        D:2 |     152 |      40 |  20.8 |      35 |       1 |   2.8
        D:3 |     102 |     115 |  53.0 |      28 |       1 |   3.4
        D:4 |     468 |     174 |  27.1 |      14 |       3 |  17.6
        D:5 |     366 |      41 |  10.1 |      11 |       2 |  15.4
        D:6 |     646 |     116 |  15.2 |      18 |      21 |  53.8
        D:7 |     371 |       0 |   0.0 |       7 |       0 |   0.0
            +---------+---------+-------+---------+---------+-------
